Construct Section Command Post
Selects Heavy Armor Battlegroup
Construct Field Infirmary
Construct Platoon Command Post
Selects Rigorous Vehicle Training
Selects Light Vehicle Withdraw and Refit
6-pounder Anti-tank Gun Team
Unlock M3 Stuart Light Tanks
6-pounder Anti-tank Gun Team
Selects Forward Repair Assembly
Construct Company Command Post
Selects UNKNOWN (2162094)
Light Vehicle Withdraw and Refit
Light Vehicle Withdraw and Refit